 Dungeon Crawl Stone Soup version 0.18.1-8-gdd0e5ea (webtiles) character file.

126 Azru the Skirmisher (level 5, 0/55 HPs)
             Began as an Ogre Abyssal Knight on May 27, 2016.
             Was a Believer of Lugonu.
             Slain by a hound (4 damage)
             ... on level 3 of the Dungeon.
             The game lasted 00:05:38 (2840 turns).

Azru the Skirmisher (Ogre Abyssal Knight)           Turns: 2840, Time: 00:05:38

Health: 0/55       AC:  3    Str: 17    XL:     5   Next: 9%
Magic:  7/7        EV: 10    Int: 12    God:    Lugonu [**....]
Gold:   107        SH:  0    Dex:  9    Spells: 0 memorised, 4 levels left

rFire  . . .     SeeInvis .     a - +2 mace
rCold  . . .     Gourm    .     b - +0 robe
rNeg   . . .     Faith    .     (no shield)
rPois  .         Spirit   .     (helmet restricted)
rElec  .         Dismiss  .     (no cloak)
rCorr  .         Reflect  .     (gloves unavailable)
SustAt .         Harm     .     (boots unavailable)
MR     .....                    (no amulet)
Stlth  +.........               (no ring)
                                (no ring)

@: flying, very slightly contaminated, invisible, not resistant to hostile
enchantments, very unstealthy
A: unfitting armour, tough skin 1
a: Depart the Abyss, Bend Space, Renounce Religion


You were on level 3 of the Dungeon.
You worshipped Lugonu.
Lugonu was pleased with you.
You were hungry.

You visited 1 branch of the dungeon, and saw 3 of its levels.
You visited the Abyss 1 time.

You collected 107 gold pieces.

Inventory:

Hand Weapons
 a - a +2 mace (weapon)
 o - a -2 spear
Armour
 b - a +0 robe (worn)
Jewellery
 e - an uncursed amulet of guardian spirit {unknown}
 m - a +5 ring of intelligence {unknown}
Scrolls
 i - a scroll of fog {unknown}
 j - a scroll of blinking {unknown}
 q - a scroll of remove curse
Potions
 d - a potion of cancellation {unknown}
 h - a potion of flight
 k - 2 potions of curing
 l - 2 potions of invisibility
 n - a potion of cure mutation {unknown}
 p - a potion of ambrosia {unknown}
Comestibles
 c - 2 bread rations
 f - a royal jelly
 g - 2 meat rations
 r - a slice of pizza
 s - 5 fruits


   Skills:
 + Level 4.9 Fighting
 * Level 4.3 Maces & Flails
 + Level 3.1 Dodging
 + Level 3.0 Invocations


You had 4 spell levels left.
You didn't know any spells.

Dungeon Overview and Level Annotations

Branches:
Dungeon (3/15)

Altars:


Innate Abilities, Weirdness & Mutations

You are too large for most types of armour.
You have tough skin (AC +1).


Message History

Drink which item? (? for menu, Esc to quit)
It was a potion of invisibility.
You fade into invisibility!
You are feeling hungry.
The hound closely misses you. The hound bites you.
* * * LOW HITPOINT WARNING * * *
You are very lightly contaminated with residual magic.
The hound bites you but does no damage. The hound bites you.
* * * LOW HITPOINT WARNING * * *
You hit the hound.
The hound is lightly wounded.
The hound bites you.
* * * LOW HITPOINT WARNING * * *
The hound bites you.
* * * LOW HITPOINT WARNING * * *
You completely miss the hound.
The hound is lightly wounded.
The hound bites you.
You die...

#........#.##...# #.......
#........#.#...## #.......
##########.#...# #.......
#.#..####### ##.......
#.##.......# .........
#.##.......# )........
#.###......# ########.
#####.###......# #.
#.......gh@....# #.
#........####### #####
#........# #...# #........#
#...# #........# ######## #...#
######........####...(..####...#
#...............g..........'....
#.............####[.....####...#
#.............# #......# #...#


You could see a hound and a gnoll.

Vanquished Creatures
  6 adders
  2 gnolls
  A worm (D:2)
  A dart slug (D:2)
  A giant gecko (D:1)
  2 orcs
  4 giant cockroaches (D:1)
  4 goblins
  6 hobgoblins
  4 jackals
  A quokka (D:2)
  4 bats
  4 giant newts
  2 kobolds (D:2)
  5 rats
47 creatures vanquished.

Notes
Turn   | Place    | Note
--------------------------------------------------------------
     0 | Abyss:1  | Azru the Ogre Abyssal Knight began the quest for the Orb.
     0 | Abyss:1  | Reached XP level 1. HP: 24/24 MP: 2/2
    78 | Abyss:1  | Noticed a hell hog
    79 | D:1      | Escaped the Abyss
   139 | D:1      | Reached * piety under Lugonu
   206 | D:1      | Reached XP level 2. HP: 32/32 MP: 3/3
   952 | D:2      | Reached XP level 3. HP: 30/40 MP: 4/4
  1432 | D:2      | Reached XP level 4. HP: 37/49 MP: 6/6
  1851 | D:2      | Reached ** piety under Lugonu
  2676 | D:3      | Reached XP level 5. HP: 46/55 MP: 7/7
  2840 | D:3      | Slain by a hound

Skill      XL: |  1  2  3  4 |
---------------+-------------+-----
Maces & Flails | 3 4 |  4.3
Invocations    | 3 |  3.0
Dodging        | 3 |  3.1
Fighting       | |  4.9

Action                   |  1- 3 |  4- 6 || total
-------------------------+-------+-------++-------
Melee: Mace              |    74 |    83 ||   157
       Spear             |    20 |       ||    20
Invok: Depart the Abyss  |     1 |       ||     1
  Use: Scroll            |     3 |       ||     3
       Potion            |       |     3 ||     3
 Stab: Sleeping          |     1 |       ||     1
  Eat: Chunk             |     2 |     4 ||     6
Armor: Robe              |    41 |    28 ||    69
Dodge: Dodged            |    51 |    50 ||   101
